Map: Dusk Towers

Players

SoK - Winner!

  • Race: Terran Terran

JusticeSimon

  • Race: Protoss Protoss
  • League: Master

VOD

Have the link to the VOD?

Description

Time

  • Played on: March 12, 2016, 10:05 p.m.
  • Length: 15:27
Show
View Real Time Build Order
Export as new Build Order

SoK Terran - Winner!

Build Orders: Reaper Expand, MMM Bio 

Get SALT Encoding   

  12  0:01  SCV  
  13  0:13  SCV  
  14  0:17  Supply Depot  
  14  0:25  SCV  
  15  0:39  SCV  
  15  0:40  Barracks  
  16  0:45  Refinery  
  16  0:51  SCV  
  17  1:03  SCV  
  18  1:15  SCV  
  19  1:27  Orbital Command  
  19  1:29  Reaper  
  20  1:40  Command Center  
  20  1:45  Refinery  
  20  1:54  Supply Depot  
  20  1:56  SCV  
  21  2:01  Barracks Reactor  
  22  2:08  SCV  
  22  2:19  Factory  
  22  2:20  SCV  
  23  2:32  SCV  
  23  2:37  Barracks  
  23  2:39  Marine x2  
  25  2:44  SCV  
  26  2:56  SCV  
  26  2:57  Marine x2  
  26  2:58  Orbital Command  
  29  3:05  Widow Mine  
  29  3:10  Starport  
  31  3:13  SCV  
  31  3:18  Marine x2  
  34  3:23  SCV  
  34  3:26  SCV  
  36  3:30  Barracks Tech Lab  
  36  3:35  SCV, Widow Mine  
  36  3:38  SCV  
  40  3:47  SCV  
  40  3:48  Engineering Bay  
  41  3:50  Supply Depot, SCV  
  41  3:54  Medivac  
  44  3:58  Stimpack  
  44  4:00  SCV  
  44  4:02  SCV  
  46  4:05  Factory Reactor  
  46  4:11  Marine x3  
  46  4:12  SCV  
  46  4:13  Supply Depot  
  46  4:16  SCV  
  51  4:19  Refinery  
  51  4:25  Barracks  
  51  4:39  SCV  
  51  4:40  SCV  
  51  4:44  Widow Mine, Marine  
  51  4:45  Starport Reactor  
  57  4:52  SCV x2  
  59  4:55  Command Center  
  59  4:56  Supply Depot, Marine, Refinery  
  59  4:59  Marine  
  60  5:02  Marine  
  60  5:03  Terran Infantry Weapons Level 1  
  60  5:04  SCV  
  62  5:10  Supply Depot  
  62  5:15  Barracks Tech Lab  
  62  5:17  Engineering Bay, Marine  
  62  5:18  SCV x2  
  65  5:23  Medivac  
  65  5:24  Medivac, Marine  
  70  5:32  SCV  
  69  5:41  SCV  
  70  5:44  SCV  
  70  5:46  Widow Mine, Marine x2  
  70  5:47  Widow Mine, Marine  
  70  5:48  Combat Shields  
  78  5:51  Supply Depot  
  78  5:52  Armory, Terran Infantry Armor Level 1  
  78  5:53  Supply Depot  
  78  5:58  Missile Turret  
  78  6:02  SCV, Marine  
  78  6:06  SCV, Concussive Shells, Marine x2  
  78  6:09  Orbital Command  
  81  6:20  Marine  
  81  6:21  Missile Turret  
  81  6:24  Marauder, Widow Mine x2  
  88  6:29  Liberator  
  88  6:30  Barracks  
  88  6:31  Barracks  
  88  6:34  Orbital Command  
  88  6:37  Missile Turret  
  88  6:41  SCV x2  
  88  6:43  Marine  
  88  6:44  Marine  
  95  6:53  SCV x2  
  94  7:05  SCV  
  93  7:19  Liberator x2  
  92  7:29  Barracks Reactor  
  90  7:30  Barracks Tech Lab  
  90  7:33  SCV x3  
  90  7:34  Supply Depot  
  90  7:35  Supply Depot, Widow Mine, Marine x2, Refinery  
  90  7:36  Marauder  
  105  7:37  Marauder  
  105  7:39  Terran Infantry Weapons Level 2  
  107  7:46  SCV x2  
  107  7:48  Supply Depot  
  107  7:50  Barracks  
  109  7:56  SCV, Marine x2  
  109  7:58  SCV x2  
  114  7:59  Supply Depot  
  114  8:03  Marine x3  
  114  8:04  Supply Depot  
  117  8:06  Marine  
  117  8:08  SCV  
  117  8:10  SCV x2, Liberator x2  
  111  8:21  Marauder  
  111  8:26  Widow Mine, Marine x3  
  115  8:27  Marauder x2  
  115  8:29  Marine  
  115  8:33  Terran Infantry Armor Level 2  
  126  8:37  Terran Ship Weapons Level 1, Barracks  
  126  8:42  SCV x2, Refinery  
  126  8:43  Marauder  
  126  8:44  Supply Depot  
  130  8:48  Marine  
  130  8:49  Marine  
  129  9:04  Marine  
  129  9:05  Marauder  
  132  9:10  Medivac x2  
  136  9:19  Marauder, Widow Mine, Marine x5  
  145  9:27  Marauder, Marine  
  141  9:37  Marine x5  
  132  9:40  Medivac x2, Marine  
  132  9:44  Marine  
  120  9:48  Marine  
  113  9:54  Marine x2  
  113  9:55  Marauder, Marine x2  
  113  9:56  Widow Mine  
  113  9:58  Marine  
  118  10:02  Marine  
  118  10:04  Widow Mine  
  118  10:06  Marauder  
  120  10:07  Supply Depot  
  120  10:11  Liberator  
  120  10:12  Marine x4  
  114  10:16  Marine x2  
  114  10:20  Marine  
  106  10:27  Widow Mine, Marine  
  102  10:28  Medivac  
  102  10:30  Marine x4  
  102  10:31  Terran Infantry Weapons Level 3  
  102  10:34  Marauder  
  102  10:35  Marauder  
  115  10:38  Marine  
  115  10:42  SCV  
  117  10:45  Marine  
  117  10:48  Marine x3, Command Center  
  117  10:49  Widow Mine  
  122  10:50  Barracks Tech Lab  
  122  10:54  Liberator  
  122  10:55  Barracks Tech Lab, Marine, Marauder  
  122  10:56  Marine  
  127  10:58  Medivac, Terran Ship Weapons Level 2  
  127  11:03  Marine  
  130  11:06  Marine x3  
  133  11:14  Marauder, Terran Infantry Armor Level 3, Marine  
  133  11:17  Marauder  
  141  11:21  Marauder  
  141  11:23  Marine x2  
  141  11:24  Marine  
  119  11:28  Marine  
  119  11:29  Marauder  
  119  11:31  Marine  
  111  11:35  Marauder, Missile Turret  
  111  11:38  Marine  
  109  11:41  Marine x3  
  109  11:42  Marine  
  109  11:44  Liberator x2  
  109  11:46  Marine  
  113  11:49  Marine  
  113  11:50  Marine  
  115  11:56  Marauder  
  115  11:59  Widow Mine, Marine x3  
  115  12:00  Marauder  
  130  12:03  Marine  
  130  12:08  Orbital Command  
  131  12:09  SCV  
  132  12:19  Marauder, Marine x6  
  140  12:28  Marauder, Marine  
  143  12:34  Supply Depot  
  143  12:37  Marine  
  143  12:44  Medivac x2  
  145  12:50  Marine x3  
  145  12:51  Marauder  
  142  12:56  Liberator  
  142  12:57  Liberator  
  142  13:00  Missile Turret  
  142  13:03  Marine x4  
  142  13:04  Marauder, Widow Mine  
  148  13:08  Marine x2  
  148  13:10  Marine  
  148  13:12  Marauder  
  122  13:21  Marine x3  
  122  13:22  Marauder  
  122  13:24  Marine  
  122  13:26  Marine x2  
  121  13:28  Marine  
  121  13:33  Marine  
  120  13:39  Marine x3  
  117  13:42  Marine  
  117  13:43  Marauder, Starport  
  117  13:44  Marine x2  
  117  13:46  Liberator, Marine  
  117  13:47  Liberator  
  112  13:51  Marauder  
  107  13:57  Marauder, Marine x2  
  107  14:00  Marine  
  107  14:01  Marine x2  
  107  14:02  Widow Mine  
  114  14:03  Marine  
  114  14:04  Marauder  
  123  14:12  Marine  
  123  14:14  Marine  
  123  14:15  Marine  
  124  14:18  Marine  
  124  14:19  Marauder, Marine x2  
  124  14:21  Marine  
  124  14:23  Fusion Core  
  130  14:25  Marine  
  130  14:26  Starport Tech Lab  
  130  14:30  Marine  
  132  14:32  Marine x2  
  132  14:36  Marine  
  132  14:37  Marine x2  
  137  14:39  Marine  
  137  14:40  Marine  
  137  14:43  Marine  
  140  14:46  Medivac  
  140  14:47  Medivac  
  140  14:48  Marine  
  140  14:50  Widow Mine, Marine x2  
  140  14:52  Missile Turret  
  149  14:54  Marine  
  149  14:55  Marine x2  
  149  14:57  Marine  
  149  14:58  Marauder  
  149  15:01  Marine  
  149  15:06  Marauder  
  145  15:08  Marine x2  
Show
View Real Time Build Order
Export as new Build Order

JusticeSimon Protoss 

Build Orders: 1 Gate Expand, Blink Stalkers 

Get SALT Encoding   

  12  0:00  Probe (Chrono Boost)  
  13  0:11  Probe (Chrono Boost)  
  14  0:18  Pylon  
  14  0:22  Probe (Chrono Boost)  
  15  0:36  Probe (Chrono Boost)  
  15  0:39  Gateway  
  16  0:47  Probe (Chrono Boost), Assimilator  
  17  0:57  Probe (Chrono Boost)  
  18  1:08  Probe (Chrono Boost)  
  19  1:27  Nexus  
  20  1:32  Probe (Chrono Boost)  
  20  1:39  Cybernetics Core  
  20  1:44  Probe (Chrono Boost)  
  21  1:49  Assimilator  
  21  1:55  Probe (Chrono Boost)  
  21  2:01  Pylon  
  22  2:05  Probe (Chrono Boost)  
  23  2:16  Warp Gate  
  23  2:19  Probe, Adept (Chrono Boost)  
  26  2:31  Mothership Core (Chrono Boost)  
  27  2:38  Probe (Chrono Boost)  
  28  2:45  Robotics Facility  
  28  2:50  Probe (Chrono Boost)  
  29  2:51  Probe (Chrono Boost)  
  29  2:55  Adept  
  32  3:00  Probe (Chrono Boost)  
  33  3:07  Probe (Chrono Boost)  
  33  3:11  Probe (Chrono Boost)  
  35  3:14  Twilight Council  
  35  3:17  Probe (Chrono Boost)  
  36  3:21  Probe (Chrono Boost)  
  37  3:28  Probe (Chrono Boost), Adept  
  37  3:31  Probe (Chrono Boost)  
  37  3:32  Pylon  
  41  3:35  Observer (Chrono Boost)  
  41  3:39  Probe  
  43  3:44  Probe  
  44  3:49  Gateway  
  44  3:51  Probe  
  44  3:55  Blink (Chrono Boost)  
  45  3:58  Probe  
  45  4:00  Assimilator  
  46  4:03  Probe  
  46  4:05  Gateway  
  46  4:09  Observer  
  47  4:10  Pylon  
  49  4:17  Probe x2  
  49  4:20  Assimilator  
  49  4:21  Adept  
  52  4:24  Pylon  
  52  4:28  Observer  
  53  4:42  Pylon  
  53  4:51  Stalker  
  53  4:52  Stalker  
  57  4:53  Probe  
  57  4:54  Probe  
  59  5:05  Pylon, Nexus  
  59  5:06  Sentry  
  61  5:08  Probe  
  61  5:09  Probe  
  61  5:14  Forge  
  63  5:20  Stalker x2  
  63  5:21  Warp Prism  
  67  5:27  Probe  
  71  5:28  Probe  
  71  5:34  Pylon  
  71  5:42  Stalker x2  
  73  5:48  Probe  
  73  5:49  Probe  
  72  5:53  Resonating Glaives (Chrono Boost)  
  72  5:54  Stalker  
  74  6:01  Probe x2  
  74  6:03  Protoss Ground Armor Level 1 (Chrono Boost)  
  76  6:13  Probe x2  
  76  6:16  Sentry x2  
  76  6:17  Stalker  
  84  6:18  Probe  
  84  6:25  Probe x2  
  87  6:26  Immortal  
  87  6:30  Probe  
  87  6:31  Pylon  
  92  6:37  Probe  
  93  6:47  Stalker  
  93  6:48  Stalker x2  
  95  7:15  Probe x2  
  95  7:28  Stalker x3  
  97  7:30  Immortal (Chrono Boost)  
  97  7:32  Gateway  
  97  7:33  Gateway  
  97  7:34  Gateway  
  97  7:36  Probe  
  101  7:38  Probe x2, Gateway  
  101  7:39  Gateway  
  101  7:40  Pylon  
  101  7:42  Assimilator  
  101  7:43  Protoss Ground Weapons Level 1 (Chrono Boost)  
  104  7:45  Photon Cannon  
  104  7:46  Assimilator  
  104  7:49  Photon Cannon  
  104  7:54  Templar Archives  
  104  8:00  Adept x3  
  110  8:09  Warp Prism (Chrono Boost)  
  98  8:25  Adept  
  98  8:26  Adept x2  
  96  8:29  Probe  
  96  8:30  Probe  
  96  8:31  Probe  
  99  8:38  Pylon  
  99  8:40  Psionic Storm  
  99  8:41  Pylon  
  99  8:44  Pylon  
  99  8:45  Adept x3  
  99  8:46  Adept x5  
  106  9:10  Adept  
  106  9:11  Adept  
  106  9:13  Adept x4  
  106  9:14  Adept x2  
  108  9:36  Stalker  
  108  9:38  Stalker  
  89  9:39  Stalker x5  
  89  9:40  Stalker  
  67  9:57  Stalker  
  64  10:04  Stalker x2  
  64  10:05  Stalker x5  
  68  10:28  High Templar x3  
  68  10:29  High Templar x4  
  68  10:30  Probe x3  
  85  10:36  Archon  
  85  10:37  Archon  
  85  10:42  Pylon, Probe x3  
  88  10:52  Stalker  
  88  10:54  Probe x2  
  92  10:59  Observer  
  93  11:10  Stalker  
  93  11:11  Stalker x6  
  107  11:23  Archon  
  85  11:37  Stalker x2  
  85  11:38  Stalker x5  
  85  11:39  Stalker  
  85  11:57  Observer  
  85  12:01  Adept  
  85  12:02  High Templar x2  
  85  12:03  Adept  
  85  12:04  Adept x4  
  101  12:13  Pylon  
  101  12:18  Gateway  
  101  12:20  Gateway  
  101  12:26  Adept  
  101  12:27  Adept x5  
  113  12:39  Stalker x2  
  108  12:54  Stalker x5  
  108  12:55  Stalker  
  116  13:09  Archon  
  116  13:10  Stalker x2  
  79  13:30  Stalker x2  
  79  13:31  Stalker x3  
  79  13:32  Stalker  
  81  13:35  Stalker x2  
  71  13:58  Stalker x2  
  71  13:59  Stalker x6  
  69  14:24  High Templar x2  
  69  14:25  High Templar  
  69  14:26  Stalker  
  69  14:27  Stalker x4  
  85  14:45  Adept x2  
  87  14:48  Adept  
  87  14:49  Adept  
  89  14:54  Stalker x3  
  89  14:55  Stalker  
  75  15:18  Stalker x4  
Tags
 
Add a new tag
Caveats
  • Supply blocks, unpowered buildings, or Contaminate may cause inaccurate times.
  • Supply counts are checked every 10 seconds.